 Dungeon Crawl Stone Soup version 0.25-a0-1118-g1a081956a1 (webtiles) character file.

Game seed: 16294509333495641928, levelgen mode: deterministic

37 Deathmic the Poker (level 3, 31/31 HPs)
             Began as a Minotaur Fighter on May 17, 2020.
             Quit the game on level 1 of the Dungeon on June 14, 2020.
             The game lasted 00:03:50 (729 turns).

Deathmic the Poker (Minotaur Fighter)                Turns: 729, Time: 00:03:50

Health: 31/31      AC:  6    Str: 21    XL:     3   Next: 23%
Magic:  2/2        EV:  7    Int:  5    God:
Gold:   0          SH:  9    Dex:  9    Spells: 2/2 levels left

rFire    . . .     SeeInvis .   a - +0 trident
rCold    . . .     Gourm    .   c - +0 kite shield
rNeg     . . .     Faith    .   b - +0 scale mail
rPois    .         Spirit   .   (helmet restricted)
rElec    .         Reflect  .   (no cloak)
rCorr    .         Harm     .   (no gloves)
MR       .....                  (no boots)
Stlth    ..........             (no amulet)
HPRegen  0.10/turn              (no ring)
MPRegen  0.08/turn              (no ring)

@: no status effects
A: retaliatory headbutt, horns 2
a: no special abilities


You were on level 1 of the Dungeon.
You were not hungry.

You visited 1 branch of the dungeon, and saw 1 of its levels.

Inventory:

Hand Weapons
 a - a +0 trident (weapon)
Armour
 b - a +0 scale mail (worn)
 c - a +0 kite shield (worn)
 e - a +0 helmet
Potions
 d - a potion of might
 g - a potion of haste {unknown}
 h - a potion of flight {unknown}
Comestibles
 f - 4 rations


   Skills:
 - Level 3.6 Fighting
 + Level 4.5 Polearms
 - Level 3.6 Armour
 - Level 3.6 Shields


You had 2 spell levels left.
You didn't know any spells.
Your spell library was empty.

Dungeon Overview and Level Annotations

Branches:
Dungeon (1/15)

Altars:


Innate Abilities, Weirdness & Mutations

You reflexively headbutt those who attack you in melee.
You have a pair of horns on your head.


Message History

h - a pink potion Search for what [Enter for "."]?
There's nothing to open nearby.
Unknown command.
(D) Dungeon
Where to? (Enter - D:1 @ (x,y), ? - help)
Okay, then.
Autopickup is now off.
Autopickup is now on.
Done exploring.
Done exploring.
New annotation for D:1 (include '!' for warning):
Okay, then.
Unknown command.
Save game and exit?
Welcome back, Deathmic the Minotaur Fighter.
Press ? for a list of commands and other information.
Quiver which item? (- for none, * to show all) (? for menu, Esc to quit)
Okay, then.
Are you sure you want to abandon this character and quit the game? (Confirm with "yes".)

#######...##.#....#### #
##.........>...### ####
#.#........##.$.# ...##
#...............#
....#####...........$###
..................#.##
.......#.........#..#
.....##..###..##.#.##
.....##.## #...#@..#
........####...##..###
.....................#
.....#########....####
.....# #....# .....#
#....# .....# #....#
.....#### #....#
........######....#


There were no monsters in sight!

Vanquished Creatures
  A dart slug (D:1)
  2 leopard geckos (D:1)
  9 goblins (D:1)
  A hobgoblin (D:1)
  6 jackals (D:1)
  A ball python (D:1)
  2 bats (D:1)
  A frilled lizard (D:1)
  3 kobolds (D:1)
  2 rats (D:1)
28 creatures vanquished.

Notes
Turn   | Place    | Note
-------+----------+-------------------------------------------
     0 | D:1      | Deathmic the Minotaur Fighter began the quest for the Orb.
     0 | D:1      | Reached XP level 1. HP: 19/19 MP: 0/0
    30 | D:1      | Reached skill level 3 in Polearms
   108 | D:1      | Reached XP level 2. HP: 26/26 MP: 1/1
   154 | D:1      | Reached skill level 4 in Polearms
   491 | D:1      | Reached XP level 3. HP: 31/31 MP: 2/2
   729 | D:1      | Quit the game

Illustrated notes

Levels and vault maps discovered:
D:1:      scummos_arrival_forest, layout_rooms

Skill      XL: |  1  2 |
---------------+-------+-----
Polearms       | 3 4 |  4.5
Fighting       | |  3.6
Armour         | |  3.6
Shields        | |  3.6

Action                   || total
-------------------------++-------
Melee: Trident           ||    77
       Headbutt          ||     6
Armor: Scale mail        ||    18
Dodge: Dodged            ||    14
Block: Kite shield       ||    34

Table legend:
 A = Non-vault XP
 B = Vault XP
 C = Vault XP percentage of total XP
 D = Non-vault monster count
 E = Vault monster count
 F = Vault count percentage of total count
                 A         B        C        D         E       F
            +---------+---------+-------+---------+---------+-------
      Total |      54 |       0 |   0.0 |      28 |       0 |   0.0
            +---------+---------+-------+---------+---------+-------
        D:1 |      54 |       0 |   0.0 |      28 |       0 |   0.0
            +---------+---------+-------+---------+---------+-------
